 Dungeon Crawl Stone Soup version 0.32-a0-30-gefbe487952 (webtiles) character file.

Game seed: 2945532450719514582

132922 Sobieck the Spry (level 16, -4/95 HPs)
             Began as a Spriggan Berserker on Jan 19, 2024.
             Was the Champion of Trog.
             Slain by a salamander tyrant (5 damage)
             ... on level 4 of the Snake Pit.
             The game lasted 01:11:42 (32429 turns).

Sobieck the Spry (Spriggan Berserker)              Turns: 32429, Time: 01:11:43

Health: -4/95      AC:  8    Str: 11    XL:     16   Next: 35%
Magic:  17/17      EV: 44    Int: 13    God:    Trog [******]
Gold:   348        SH:  0    Dex: 33    Spells: 15/15 levels left

rFire   + . .        j - +5 dagger (distort)
rCold   + + +        u - orb of Fofounir {mayhem, rF+}
rNeg    + . .        M - +3 robe of Clouds {*Thunder rCloud rElec}
rPois   +            (helmet restricted)
rElec   +            c - +2 cloak
rCorr   .            (gloves unavailable)
SInv    +            (boots unavailable)
Will    +++++        A - amulet of the Four Winds {rN+ Will+++ Clar}
Stlth   ++++++++     Y - +6 ring of dexterity
HPRegen 0.35/turn    o - ring "Hopai" {rPois rC+++ Str-2 Int+3 Dex+6}
MPRegen 0.15/turn

%: mayhem, clarity
@: lethally poisoned (-4 -> -8), on berserk cooldown, slowed, constricted, quick
A: very small, no large weapons, unfitting armour, see invisible, speed 3
a: Renounce Religion, Berserk, Trog's Hand, Brothers in Arms


You were on level 4 of the Snake Pit.
You worshipped Trog.
Trog was exalted by your worship.
You visited 4 branches of the dungeon, and saw 26 of its levels.
You also visited: Sewer and Ossuary.

You collected 3003 gold pieces.
You spent 2655 gold pieces at shops.

Inventory:

Hand Weapons
 i - a +3 rapier of electrocution
 j - a +5 dagger of distortion (weapon)
Missiles
 k - 51 poisoned darts
 t - 31 boomerangs
 F - a curare-tipped dart
 J - 15 atropa-tipped darts
 Z - 4 throwing nets
Armour
 c - a +2 cloak (worn)
 u - the orb of Fofounir (worn) {mayhem, rF+}
   (You acquired it on level 12 of the Dungeon)

   rF+:       It protects you from fire.
 y - a +3 troll leather armour {Snorg}
 M - the +3 robe of Clouds (worn) {*Thunder rCloud rElec}
   (You acquired it on level 12 of the Dungeon)

   *Thunder:  It occasionally creates storm clouds above nearby enemies.
   rCloud:    It grants its wearer immunity to clouds.
   rElec:     It insulates you from electricity.
Jewellery
 g - a ring of resist corrosion
 n - a ring of positive energy
 o - a ring "Hopai" (right hand) {rPois rC+++ Str-2 Int+3 Dex+6}
   (You bought it in a shop on level 2 of the Snake Pit)

   [ring of dexterity]

   Str-2:     It affects your strength (-2).
   Int+3:     It affects your intelligence (+3).
   Dex+6:     It affects your dexterity (+6).
   rC+++:     It renders you almost immune to cold.
   rPois:     It protects you from poison
 A - the amulet of the Four Winds (around neck) {rN+ Will+++ Clar}
   (You bought it in a shop on level 2 of the Snake Pit)

   [amulet of nothing]

   rN+:       It protects you from negative energy.
   Will+++:   It greatly increases your willpower.
   Clar:      It protects you from confusion, rage, mesmerisation and fear.
 S - a +4 ring of protection
 Y - a +6 ring of dexterity (left hand)
Wands
 a - a wand of acid (20)
 h - a wand of mindburst (6)
 z - a wand of roots (12)
 E - a wand of charming (5)
 N - a wand of polymorph (5)
 V - a wand of flame (11)
Scrolls
 b - 3 scrolls of blinking
 d - 5 scrolls of silence {!r}
 v - a scroll of immolation
 w - 2 scrolls of fear
 x - 3 scrolls of fog
 B - 4 scrolls of revelation
 D - 6 scrolls of poison
 P - 6 scrolls of vulnerability
 R - 10 scrolls of identify
 T - 14 scrolls of teleportation
 U - 5 scrolls of noise
 X - 2 scrolls of enchant armour
Potions
 e - a potion of berserk rage
 f - 5 potions of enlightenment
 l - 4 potions of attraction
 m - 4 potions of lignification
 p - 3 potions of invisibility
 q - 3 potions of magic
 r - 4 potions of brilliance
 s - a potion of cancellation
 C - 3 potions of mutation
 G - a potion of resistance
 H - 2 potions of haste
 I - 6 potions of might
 L - 2 potions of heal wounds
 Q - 10 potions of curing
Miscellaneous
 K - a phantom mirror
 O - a condenser vane
 W - a lightning rod (4/4)


   Skills:
 + Level 15.3 Fighting
 + Level 10.0 Short Blades
 + Level 3.5 Throwing
 + Level 19.5 Dodging
 + Level 18.8 Stealth
 + Level 14.7 Evocations


You had 15 spell levels left.
You didn't know any spells.
Your spell library was empty.

Dungeon Overview and Level Annotations

Branches:
Dungeon (15/15)            Temple (0/1) D:4            Lair (5/5) D:9
  Swamp (0/4) Lair:2        Snake (4/4) Lair:2        Slime (0/5) Lair:4
    Orc (2/2) D:12            Elf (0/3) Orc:2        Vaults (0/5) D:14
 Depths (0/4) D:15          Sewer (visited)         Ossuary (visited)

Altars:
Cheibriados
Gozag
Makhleb
Sif Muna
Trog
Wu Jian
The Shining One

Shops:
D:6 [   D:7 =   D:11 ([*   D:12 :   Orc:1 !   Orc:2 ([:*   Snake:2 [?=!

Annotations:
D:9 2 runed translucent doors, 6 transporters, jasper's ghost, novice SpHs
Lair:1 2 transporters, asd2613's ghost, novice TrGl
Snake:2 2 transporters
Snake:4 Vashnia


Innate Abilities, Weirdness & Mutations

You are very small and have problems with some larger weapons.
You are too small for most types of armour.
You have supernaturally acute eyesight. (SInv)
You cover ground extremely quickly. (Speed+++)


Message History

As you read the scroll of blinking, it crumbles to dust.
Storm clouds gather above Vashnia.
You feel very sick.
The naga warrior no longer looks unusually strong.
The naga sharpshooter mumbles some strange words.
The naga sharpshooter magically shoots an arrow.
The arrow completely misses you. The naga warrior completely misses you.
The guardian serpent casts a spell at you.
The naga warrior blinks!
The naga blinks!
The naga sharpshooter blinks!
The guardian serpent casts a spell at you.
Vashnia is engulfed in a thunderstorm.
Unknown command.
Storm clouds gather above the black mamba.
Storm clouds gather above the salamander tyrant.
You feel very sick.
Vashnia no longer looks unusually strong.
The naga sharpshooter no longer looks unusually strong. x2
The naga no longer looks unusually strong.
The black mamba is engulfed in a thunderstorm.
The black mamba completely misses you.
The black mamba is engulfed in a thunderstorm.
You kill the black mamba!
Trog accepts your kill.
The naga warrior flies into a frenzy!
The naga hits you with a +0 battleaxe!
* * * LOW HITPOINT WARNING * * *
The naga completely misses you.
The naga warrior barely misses the naga warrior.
The naga warrior grabs the naga warrior.
The naga warrior constricts the naga warrior.
The naga warrior misses you.
The salamander tyrant is engulfed in a thunderstorm.
The salamander tyrant completely misses you.
The naga warrior completely misses you.
The naga warrior barely misses the naga warrior.
The naga warrior grabs you.
You stop ascending the stairs.
The naga warrior constricts you.
* * * LOW HITPOINT WARNING * * *
The naga warrior loses its grip on the naga warrior.
The naga sharpshooter shoots an arrow.
The arrow completely misses you.
The naga warrior blocks the arrow.
The naga sharpshooter shoots an arrow.
The arrow hits you.
* * * LOW HITPOINT WARNING * * *
The naga completely misses you.
The naga warrior hits the naga warrior with a +0 short sword!!
The naga warrior grabs the naga warrior.
The naga warrior constricts the naga warrior.
The naga sharpshooter is engulfed in a thunderstorm.
The salamander tyrant is engulfed in a thunderstorm.
The salamander tyrant hits you.
You die...

######## #.
###....N.#####.
##..#####N...)..N......
......NNNS.)..N..))....
.#...N@§SN..§N)N(.....
##..NNN...)§).NN.....
....######...§..######.
... ######## ..


You could see Vashnia (catching breath), 2 naga warriors, 4 naga sharpshooters,
a salamander tyrant (strong), 2 guardian serpents, 2 nagas and a neutral naga
warrior (fast, strong, frenzied, distracted, catching breath).

Vanquished Creatures
  Nikola (Snake:3)
  Rupert (Lair:4)
  2 nagarajas (Snake:3)
  An orc warlord (Orc:2)
  Nessos (Lair:3)
  A dire elephant (Lair:5)
  Snorg (Lair:3)
  A vault guard (D:14)
  6 hydras
  An ogre mage (D:15)
  A catoblepas (Lair:5)
  2 centaur warriors
  3 two-headed ogres
  5 death yaks
  5 anacondas
  A deep troll shaman (Lair:5)
  3 naga warriors
  3 tengu warriors
  An occultist (D:14)
  4 shock serpents
  6 naga sharpshooters
  A skyshark (Lair:3)
  A storm dragon skeleton (D:15)
  A spark wasp zombie (D:15)
  2 salamander mystics (Snake:3)
  Lodul (D:11)
  5 skeletal warriors
  2 arcanists
  5 mana vipers
  3 naga ritualists
  2 orc knights
  A deep elf pyromancer (D:13)
  6 cyclopes
  4 manticores
  3 orc sorcerers
  5 salamanders
  5 ugly things
  16 black mambas
  6 elephants
  4 kobold blastminers (Orc:2)
  8 naga magi
  2 guardian serpents
  6 cane toads
  2 rime drakes (Lair:3)
  5 komodo dragons
  2 kobold demonologists
  An efreet (D:15)
  A yaktaur (D:15)
  4 polar bears
  7 trolls
  6 blink frogs
  3 centaur simulacra (D:10)
  3 slime creatures (D:13)
  2 wyverns
  2 vampires
  A shadow (D:9)
  16 yaks
  A wraith (D:13)
  A steam dragon (D:10)
  A basilisk (Lair:2)
  7 vampire mosquitoes
  2 swamp worms (Lair:2)
  8 nagas
  An acid dragon (D:10)
  11 water moccasins
  Duvessa (D:5)
  19 orc warriors
  4 black bears
  6 ice beasts
  A sky beast (D:7)
  9 wolves
  14 ogres
  6 centaurs
  A weeping skull (Ossuary)
  9 kobold brigands
  7 bullfrogs
  6 gnoll sergeants
  3 scorpions
  4 water moccasin zombies (Ossuary)
  7 wights (D:8)
  Dowan (D:5)
  11 killer bees
  4 electric eels
  6 howler monkeys
  2 lava snakes (Lair:2)
  4 bombardier beetles (D:5)
  7 jellies
  14 orc priests
  A hound (D:7)
  A sleepcap (D:5)
  4 gnoll boudas
  22 orc wizards
  7 hell rats
  5 iguanas
  3 crocodile zombies (Ossuary)
  2 mummies (Ossuary)
  35 gnolls
  7 river rats
  8 adders
  3 shadow imps
  3 white imps
  3 ufetubi
  5 adder zombies (Ossuary)
  2 dart slugs
  5 ribbon worms
  74 orcs
  7 ball pythons
  10 endoplasms
  3 giant cockroaches
  10 gnoll zombies (Ossuary)
  7 goblins
  14 hobgoblins
  3 jackals (Sewer)
  6 quokkas
  4 bats
  4 frilled lizards
  4 jackal zombies (Ossuary)
  23 kobolds
  3 orc zombies (Ossuary)
  13 rats
673 creatures vanquished.

Vanquished Creatures (collateral kills)
  An anaconda (Snake:3)
  A boulder beetle (Lair:5)
  3 two-headed ogres (D:15)
  A shock serpent (Snake:3)
  A naga sharpshooter (Snake:1)
  A skeletal warrior (D:15)
  A mana viper (Snake:1)
  A naga ritualist (Snake:3)
  A deep elf pyromancer (D:14)
  2 cyclopes (D:14)
  An ugly thing (D:14)
  3 elephants
  2 naga magi
  3 black mambas
  2 blink frogs (Lair:4)
  2 polar bears
  A wolf spider simulacrum (D:15)
  A wyvern (Lair:5)
  A yak (Lair:4)
  5 nagas
  An ogre (D:15)
  2 wolves (Lair:5)
  2 orc priests (Orc:2)
  An orc wizard (Orc:2)
  A hell rat (Lair:5)
  5 orcs (Orc:2)
  A rat (Lair:4)
47 creatures vanquished.

Vanquished Creatures (others)
  2 anacondas
  A naga warrior (Snake:3)
  An elephant (Lair:5)
  2 naga magi
  A komodo dragon (D:9)
  A slime creature (D:13)
  A naga (Snake:4)
  2 orc warriors (Orc:2)
  An ogre (D:15)
  A centaur (D:14)
  2 orc wizards
  A white imp (D:10)
  An ufetubus (D:10)
  5 orcs (Orc:2)
22 creatures vanquished.

Grand Total: 742 creatures vanquished

Notes
Turn   | Place    | Note
-------+----------+-------------------------------------------
     0 | D:1      | Sobieck the Spriggan Berserker began the quest for the Orb.
     0 | D:1      | Reached XP level 1. HP: 11/11 MP: 2/2
   306 | D:1      | Reached skill level 1 in Stealth
   385 | D:1      | Reached XP level 2. HP: 10/16 MP: 3/3
   952 | D:2      | Reached XP level 3. HP: 19/19 MP: 4/4
  1184 | D:2      | Reached XP level 4. HP: 19/23 MP: 5/5
  1386 | D:2      | Reached ** piety under Trog
  1911 | D:3      | Reached skill level 3 in Fighting
  1955 | D:3      | Found a glowing drain.
  1959 | Sewer    | Entered a sewer
  2053 | Sewer    | Noticed a kobold brigand
  2097 | Sewer    | Killed a kobold brigand
  2098 | Sewer    | Reached skill level 5 in Dodging
  2098 | Sewer    | Reached skill level 3 in Stealth
  2098 | Sewer    | Reached XP level 5. HP: 28/28 MP: 6/6
  2189 | Sewer    | Found a glowing silver altar of Zin.
  2759 | D:4      | Noticed an ogre
  2852 | D:3      | Killed an ogre
  2852 | D:3      | Reached *** piety under Trog
  2853 | D:3      | Reached XP level 6. HP: 32/32 MP: 7/7
  3193 | D:4      | Found a staircase to the Ecumenical Temple.
  3726 | D:5      | Entered Level 5 of the Dungeon
  3846 | D:5      | Reached skill level 6 in Short Blades
  3862 | D:5      | Reached XP level 7. HP: 36/36 MP: 8/8
  4067 | D:5      | Reached skill level 6 in Dodging
  4268 | D:5      | Noticed Dowan
  4269 | D:5      | Noticed Duvessa
  4278 | D:5      | Killed Duvessa
  4282 | D:5      | Killed Dowan
  4342 | D:5      | Reached **** piety under Trog
  4420 | D:5      | Reached skill level 6 in Stealth
  4470 | D:5      | Found a sand-covered staircase.
  4496 | Ossuary  | Entered an ossuary
  4543 | Ossuary  | Reached XP level 8. HP: 38/42 MP: 9/9
  4582 | Ossuary  | Reached skill level 7 in Dodging
  5262 | D:5      | Reached skill level 8 in Dodging
  5471 | D:5      | Reached skill level 9 in Stealth
  5709 | D:5      | Found a snail-covered altar of Cheibriados.
  6136 | D:6      | Reached ***** piety under Trog
  6491 | D:6      | Reached XP level 9. HP: 22/48 MP: 10/10
  6701 | D:6      | Reached skill level 6 in Fighting
  7229 | D:6      | Found Japosautz's Antique Armour Shop.
  7358 | D:6      | Identified the +0 ring mail of Divine Compulsion {Will+
                  | Int+7}
  7483 | D:7      | Found Gafoules's Jewellery Boutique.
  8676 | D:7      | Bought an amulet of the acrobat for 360 gold pieces
  8777 | D:7      | Reached skill level 9 in Dodging
  8900 | D:7      | Reached XP level 10. HP: 46/55 MP: 11/11
  9119 | D:8      | Received a gift from Trog
  9120 | D:8      | Reached skill level 9 in Short Blades
  9217 | D:8      | Found a glowing golden altar of the Shining One.
  9374 | D:8      | Found an opulent altar of Gozag.
  9755 | D:9      | Found a runed translucent door.
  9755 | D:9      | Found a transporter.
  9757 | D:9      | Found a transporter.
  9792 | D:9      | Noticed a death yak
  9793 | D:9      | Found a staircase to the Lair.
  9794 | D:9      | Noticed a death yak
  9857 | D:9      | Noticed a death yak
  9893 | D:9      | Killed a death yak
  9895 | D:9      | Reached skill level 10 in Dodging
  9905 | D:9      | Banished a death yak
 10019 | D:8      | Killed a death yak
 10020 | D:8      | Reached skill level 11 in Dodging
 10449 | D:9      | Found a transporter.
 10453 | D:9      | Found a transporter.
 10634 | D:9      | Found a runed translucent door.
 10637 | D:9      | Noticed jasper's ghost (novice SpHs)
 10637 | D:9      | Noticed an orc knight
 10661 | D:9      | Found a burning altar of Makhleb.
 10661 | D:9      | Noticed a sixfirhy
 10697 | D:9      | Found a transporter.
 10699 | D:9      | Found a transporter.
 10775 | D:10     | Entered Level 10 of the Dungeon
 10776 | D:10     | Noticed a catoblepas
 10957 | D:10     | Reached skill level 9 in Fighting
 11067 | D:10     | Reached XP level 11. HP: 62/62 MP: 12/12
 11147 | D:9      | Banished a catoblepas
 11148 | D:9      | Reached skill level 12 in Dodging
 12252 | D:10     | Found a shimmering blue altar of Sif Muna.
 12288 | D:10     | Reached skill level 13 in Dodging
 12613 | D:10     | Found an ornate altar of the Wu Jian Council.
 13091 | D:11     | Found Celymess's Weapon Boutique.
 13244 | D:11     | Found Resaipp's General Store.
 13254 | D:11     | Bought a scroll of noise for 14 gold pieces
 13307 | D:11     | Noticed a boulder beetle
 13355 | D:11     | Noticed Lodul
 13366 | D:11     | Banished a boulder beetle
 13584 | D:11     | Found Ilaostim's Armour Shoppe.
 13643 | D:11     | Reached skill level 14 in Dodging
 13750 | D:11     | Killed Lodul
 13751 | D:11     | Received a gift from Trog
 14061 | D:7      | Bought a +6 ring of dexterity for 432 gold pieces
 14459 | D:11     | Reached XP level 12. HP: 65/70 MP: 13/13
 14570 | D:12     | Identified the maw talisman of the Moon {rF+ rCorr Slay-4
                  | Stlth+}
 14770 | D:12     | Found Ciurivij's Book Shop.
 14973 | D:12     | Found a staircase to the Orcish Mines.
 15191 | D:12     | Identified 2 scrolls of acquirement
 15227 | D:12     | Acquired the +3 robe of Clouds {*Thunder rCloud rElec}
 15227 | D:12     | Found the +3 robe of Clouds {*Thunder rCloud rElec}
 15239 | D:12     | Acquired the orb of Fofounir {mayhem, rF+}
 15697 | D:13     | Reached skill level 12 in Fighting
 15829 | D:13     | Reached skill level 12 in Stealth
 15954 | D:13     | Noticed a boulder beetle
 15973 | D:13     | Banished a boulder beetle
 16062 | D:13     | Noticed a centaur warrior
 16079 | D:13     | Found a bloodstained altar of Trog.
 16086 | D:13     | Killed a centaur warrior
 16197 | D:13     | Reached skill level 1 in Evocations
 16309 | D:13     | Reached skill level 3 in Evocations
 16466 | D:13     | Noticed a two-headed ogre
 16519 | D:13     | Killed a two-headed ogre
 16520 | D:13     | Reached skill level 6 in Evocations
 17172 | D:14     | Noticed a centaur warrior
 17196 | D:14     | Killed a centaur warrior
 17383 | D:14     | Noticed a tengu warrior
 17383 | D:14     | Noticed a tengu warrior
 17388 | D:14     | Killed a tengu warrior
 17389 | D:14     | Reached XP level 13. HP: 75/75 MP: 14/14
 17533 | D:14     | Reached skill level 9 in Evocations
 17792 | Lair:1   | Entered Level 1 of the Lair of Beasts
 18167 | Lair:1   | Found a bloodstained altar of Trog.
 18168 | Lair:1   | Noticed asd2613's ghost (novice TrGl)
 18186 | Lair:1   | Found a transporter.
 18190 | Lair:1   | Found a transporter.
 18988 | Lair:2   | Found a staircase to the Swamp.
 19333 | Lair:2   | Found a staircase to the Snake Pit.
 19625 | Lair:3   | Noticed Snorg
 19661 | Lair:3   | Killed Snorg
 19662 | Lair:3   | Reached skill level 12 in Evocations
 19887 | Lair:3   | Identified the +3 short sword of the Disturbing Seas {god
                  | gift, heavy, Will+} (Trog gifted it to you on level 3 of
                  | the Lair of Beasts)
 19887 | Lair:3   | Received a gift from Trog
 20284 | Lair:3   | Noticed Nessos
 20311 | Lair:3   | Killed Nessos
 21154 | Lair:4   | Found a staircase to the Slime Pits.
 21298 | Lair:4   | Reached skill level 15 in Stealth
 22025 | Lair:5   | Entered Level 5 of the Lair of Beasts
 22196 | Lair:5   | Reached skill level 15 in Dodging
 22217 | Lair:5   | Reached XP level 14. HP: 66/81 MP: 15/15
 22540 | Lair:5   | Noticed Rupert
 22594 | Lair:4   | Killed Rupert
 23323 | Lair:5   | Got an earthy gem with 23 turns to spare
 23350 | Lair:5   | Lost the earthy gem through the power of Zot.
 23472 | Lair:5   | Received a gift from Trog
 23860 | Orc:1    | Entered Level 1 of the Orcish Mines
 23860 | Orc:1    | Found Uqycsiq's Distillery.
 23864 | Orc:1    | Bought a potion of haste for 110 gold pieces
 24083 | Orc:2    | Entered Level 2 of the Orcish Mines
 24173 | Orc:2    | Found Dinimej's General Store.
 24357 | Orc:2    | Found a staircase to the Elven Halls.
 24658 | Orc:2    | Noticed an orc warlord
 24663 | Orc:2    | Reached skill level 16 in Dodging
 24664 | Orc:2    | Found Tujoyruv's Antique Weapon Shop.
 25006 | Orc:2    | Killed an orc warlord
 25188 | Orc:2    | Reached ****** piety under Trog
 25198 | Orc:2    | Received a gift from Trog
 25287 | Orc:2    | Found Renoocos's Antique Armour Boutique.
 25520 | Orc:2    | Found Hiqirphio's Book Shop.
 26604 | D:14     | Found a gate to the Vaults.
 26676 | D:15     | Entered Level 15 of the Dungeon
 26691 | D:15     | Found a staircase to the Depths.
 26729 | D:15     | Reached XP level 15. HP: 75/86 MP: 16/16
 26739 | D:15     | Reached skill level 18 in Stealth
 26749 | D:15     | Reached skill level 17 in Dodging
 28121 | Snake:1  | Entered Level 1 of the Snake Pit
 28129 | Snake:1  | Received a gift from Trog
 28130 | Snake:1  | Reached skill level 18 in Dodging
 29905 | Snake:2  | Found a transporter.
 29929 | Snake:2  | Reached skill level 19 in Dodging
 30115 | Snake:2  | Reached skill level 15 in Fighting
 30214 | Snake:2  | Found a transporter.
 30329 | Snake:2  | Found Lahudua's Jewellery Shoppe.
 30329 | Snake:2  | Found Kanou's Magic Scroll Emporium.
 30330 | Snake:2  | Found Ogesisa's Distillery.
 30334 | Snake:2  | Found Hummoh's Armour Emporium.
 30349 | Snake:2  | Bought a ring "Hopai" {rPois rC+++ Str-2 Int+3 Dex+6} for
                  | 1011 gold pieces
 30359 | Snake:2  | Bought the amulet of the Four Winds {rN+ Will+++ Clar} for
                  | 728 gold pieces
 30359 | Snake:2  | Found the amulet of the Four Winds {rN+ Will+++ Clar}
 30522 | Snake:3  | Noticed a nagaraja
 30524 | Snake:3  | Killed a nagaraja
 30573 | Snake:3  | Reached skill level 1 in Throwing
 30578 | Snake:3  | Received a gift from Trog
 30758 | Snake:3  | Reached XP level 16. HP: 61/95 MP: 17/17
 31534 | Snake:3  | Reached skill level 3 in Throwing
 32125 | Snake:3  | Noticed Nikola
 32132 | Snake:3  | Killed Nikola
 32363 | Snake:4  | Entered Level 4 of the Snake Pit
 32406 | Snake:4  | Noticed Vashnia
 32429 | Snake:4  | HP: 1/95 [naga sharpshooter/arrow[Vashnia] (4)]
 32429 | Snake:4  | Slain by a salamander tyrant

Illustrated notes

Levels and vault maps discovered:
D:1:      erik_arrival_triangle_large, layout_loops_cross
D:2:      layout_basic, serial_glass, glass_columns_a, glass_columns_a,
          glass_columns_a, glass_columns_b, serial_park_tiny_2,
          nicolae_concentric_dashed_squares_wild, minmay_box_of_dots
D:3:      layout_rooms, gup_sewer_entry_spiral
D:4:      layout_cave_pods, minmay_temple_entry_glassed_door,
          hangedman_abyss_or_decor_passed
D:5:      layout_basic, slow_altar_1, enter_ossuary_1,
          chequers_serial_rivers_room_a, minmay_bent, uniq_duvessa
D:6:      layout_cave_pools, serial_shops, nicolae_lakefront_shop,
          minmay_diced_spiral
D:7:      kennysheep_housing_project, layout_loops_ring, serial_shops,
          nicolae_shop_tiny_waterfront
D:8:      layout_basic, lemuel_round_altar, mainiacjoe_overflow_tiny_flanked
D:9:      layout_basic, nzn_makhleb_speed_demon, dpeg_lair_monsters,
          ebering_ghost_inner_flame, serial_nicolae_subway,
          nicolae_sub_station_crystal, nicolae_sub_station_metal,
          nicolae_sub_station_stone
D:10:     cheibrodos_steamvent, layout_loops_corners,
          nicolae_sif_muna_condensation, pdpol_wu_jian_five_deadly_venoms,
          serial_ice, serial_ice_d, serial_ice_o, serial_ice_k, serial_ice_e,
          serial_ice_m, serial_ice_g
D:11:     layout_loops_ring, serial_shops, nicolae_shop_waterfront, shop,
          kennysheep_little_box, wad_dig_loot, uniq_lodul
D:12:     layout_loops_cross, kennysheep_orc_monster_closet_entryway,
          serial_shops, shop, hangedman_decor_peaks_small
D:13:     layout_layer_cave, trog_ov_bears_minmay
D:14:     layout_cave_pods, david_vaults_5, minmay_stone_trees_small,
          amcnicky_mini_pool_small
D:15:     gammafunk_depths_entry_grave, layout_cross,
          hangedman_abyss_or_decor_stabs
Lair:1:   layout_long_grid, gammafunk_ghost_wrathful_warriors,
          serial_bayou_shore_a
Lair:2:   layout_regular_city, nicolae_swamp_entry_splash_gauntlet,
          nicolae_snake_entry_warm_welcome
Lair:3:   layout_roguey, bh_autumn_forest_stairs, uniq_nessos, uniq_snorg
Lair:4:   layout_regular_city, slime_entry_2, minivault_11,
          small_statue_intersection, kennysheep_rathole
Lair:5:   grunt_lair_end_beastmaster, layout_loops_ring, lemuel_fruit_tree,
          infiniplex_staircase_pool, uniq_rupert
Snake:1:  layout_layer_cave
Snake:2:  gammafunk_the_bubble [the_bubble_gammafunk_grid], layout_grid_shapes,
          minmay_shoptagon
Snake:3:  layout_chambers, serial_bayou_shore_b, uniq_nikola
Snake:4:  minmay_snake_end_coiled, layout_grid_shapes, uniq_agnes,
          uniq_bai_suzhen, uniq_vashnia
Orc:1:    layout_caves, basic_altar, serial_shops, shop
Orc:2:    grunt_orc_community_town_hall, layout_diamond_mine,
          grunt_orc_community_big_house_1, grunt_orc_community_big_house_1,
          grunt_orc_community_house_1, grunt_orc_community_house_2,
          grunt_orc_community_house_1, grunt_orc_community_house_3,
          grunt_orc_community_house_2

Skill      XL: |  1  2  3  4  5  6  7  8  9 10 11 12 13 14 15 16 |
---------------+-------------------------------------------------+-----
Stealth        | 1 2 3 4 6 9 10 14 15 17 18 | 18.8
Short Blades   | 4 5 6 7 8 10 | 10.0
Fighting       | 3 4 5 7 9 11 12 13 15 | 15.3
Dodging        | 5 6 8 9 11 14 15 16 19 | 19.5
Evocations     | 8 13 14 | 14.7
Throwing       | 1 3 |  3.5

Action                     |  1- 3 |  4- 6 |  7- 9 | 10-12 | 13-15 | 16-18 || total
---------------------------+-------+-------+-------+-------+-------+-------++-------
  Melee: Short sword       |   114 |   188 |   528 |       |       |       ||   830
         Punch             |     1 |     3 |     7 |     7 |       |       ||    18
         Dagger            |       |       |    70 |   740 |  1231 |   106 ||  2147
   Fire: Orcbow            |       |    71 |    71 |       |       |       ||   142
  Throw: Stone             |     4 |       |       |       |       |       ||     4
         Dart              |       |       |       |     7 |       |       ||     7
 Invoke: Berserk           |     1 |     3 |     7 |     7 |     4 |     2 ||    24
         Trog's Hand       |       |       |       |     1 |       |       ||     1
  Evoke: Lightning rod     |       |       |       |     3 |     1 |       ||     4
         Wand              |       |       |       |     1 |       |       ||     1
    Use: Scroll            |     2 |     5 |     8 |    14 |     2 |     1 ||    32
         Potion            |       |     1 |     2 |       |     1 |     1 ||     5
   Stab: Sleeping          |     5 |     5 |    15 |    17 |    34 |     8 ||    84
         Distracted        |       |       |     1 |     7 |    13 |       ||    21
         Petrified         |       |       |       |     1 |       |       ||     1
         Petrifying        |       |       |       |       |     2 |       ||     2
 Armour: Animal skin       |    22 |    34 |   137 |    87 |       |       ||   280
         Robe              |       |       |       |    14 |   187 |    27 ||   228
  Dodge: Dodged            |    94 |   100 |   403 |   584 |  1114 |   168 ||  2463

Table legend: (Time is in decaauts)
 A = Elapsed time spent in this place.
 B = Non-inter-level travel time spent in this place.
 C = Inter-level travel time spent in this place.
 D = Time resting spent in this place.
 E = Time spent auto-exploring this place.
 F = Levels seen in this place.
 G = Mean time per level.
                   A        B        C        D        E       F      G
               +--------+--------+--------+--------+--------+-----+--------+
         Total |  23366 |  22030 |   1336 |   6498 |  10014 |  28 |  834.5 |
       Dungeon |  14231 |  13357 |    874 |   4362 |   5522 |  15 |  948.7 |
          Lair |   4402 |   4139 |    263 |   1024 |   2291 |   5 |  880.4 |
     Snake Pit |   2670 |   2508 |    162 |    382 |   1583 |   4 |  667.5 |
  Orcish Mines |   1357 |   1322 |     35 |    440 |    587 |   2 |  678.5 |
         Sewer |    251 |    251 |      0 |     39 |     29 |   1 |  251.0 |
       Ossuary |    452 |    452 |      0 |    248 |      0 |   1 |  452.0 |
               +--------+--------+--------+--------+--------+-----+--------+

Top non-repeatable levels by time:
    D:10: 1758 daAuts
     D:5: 1403 daAuts
 Snake:3: 1167 daAuts
    D:13: 1164 daAuts
  Lair:4: 1112 daAuts
     D:6: 1105 daAuts
  Lair:3: 1093 daAuts
   Orc:2: 1069 daAuts
     D:9: 1046 daAuts
     D:7: 1041 daAuts
    D:14: 1038 daAuts
 Snake:1: 1021 daAuts
  Lair:5: 886 daAuts
  Lair:2: 861 daAuts
    D:12: 812 daAuts
